 Dungeon Crawl Stone Soup version 0.31-a0-175-g9f7f995f2b (webtiles) character file.

Game seed: 6397627304566058692

40152 Arzdou the Fighter (level 13, -3/113 HPs)
             Began as a Demigod Ice Elementalist on June 17, 2023.
             Slain by a four-headed hydra (11 damage)
             ... on level 5 of the Lair of Beasts.
             The game lasted 00:50:07 (21252 turns).

Arzdou the Fighter (Demigod Ice Elementalist)      Turns: 21252, Time: 00:50:08

Health: -3/113     AC: 15    Str:  9    XL:     13   Next: 38%
Magic:  21/31      EV: 16    Int: 33    God:
Gold:   779        SH: 10    Dex: 14    Spells: 20/31 levels left

rFire   + . .        X - +8 demon blade (drain)
rCold   . . .        w - +0 buckler
rNeg    . . .        x - +2 robe {rF+}
rPois   +            d - +0 helmet
rElec   .            (no cloak)
rCorr   .            (no gloves)
SInv    .            m - +0 pair of boots
Will    +....        q - amulet of reflection
Stlth   ++           H - ring of wizardry
HPRegen 0.38/turn    L - ring of poison resistance
MPRegen 0.22/turn

%: reflection, wizardry (x1)
@: ice-armoured, freezing walls
A: high MP 1, forlorn, divine attributes
a: no special abilities


You were on level 5 of the Lair of Beasts.
You visited 3 branches of the dungeon, and saw 15 of its levels.
You also visited: Ossuary.

You collected 779 gold pieces.

Inventory:

Hand Weapons
 f - a +0 short sword
 v - a +1 falchion
 B - a +1 short sword of venom
 X - a +8 demon blade of draining (weapon)
Missiles
 K - 7 javelins
 O - 3 throwing nets
 W - a curare-tipped dart
Armour
 d - a +0 helmet (worn)
 m - a +0 pair of boots (worn)
 w - a +0 buckler (worn)
 x - a +2 robe of fire resistance (worn)
 Q - +0 acid dragon scales
Magical Staves
 M - a staff of death
Jewellery
 c - a ring of see invisible
 j - a ring of ice
 q - an amulet of reflection (around neck)
 z - a ring of magical power
 H - a ring of wizardry (left hand)
 L - a ring of poison resistance (right hand)
 N - an amulet of magic regeneration
 T - a ring of willpower
Wands
 r - a wand of charming (12)
 A - a wand of acid (8)
 G - a wand of roots (4)
 P - a wand of digging (5)
Scrolls
 a - a scroll of enchant armour
 e - 2 scrolls of fear
 i - 4 scrolls of immolation
 k - 7 scrolls of teleportation
 n - 2 scrolls of poison
 p - a scroll of silence
 t - a scroll of fog
 y - 7 scrolls of amnesia
 E - 2 scrolls of blinking
Potions
 b - 4 potions of magic
 g - a potion of might {unknown}
 h - 2 potions of berserk rage
 o - 2 potions of enlightenment
 s - 2 potions of curing
 u - 3 potions of brilliance
 C - 10 potions of attraction
 D - a potion of ambrosia
 F - a potion of mutation
 I - a potion of haste
 J - 2 potions of heal wounds {unknown}


   Skills:
 - Level 10.0 Fighting
 - Level 8.0 Long Blades
 - Level 10.0 Dodging
 - Level 1.7 Stealth
 - Level 5.0 Shields
 + Level 9.8 Spellcasting
 - Level 5.0 Necromancy
 * Level 2.1 Transmutations
 - Level 7.0 Ice Magic
 - Level 6.0 Air Magic
 + Level 1.3 Earth Magic


You had 20 spell levels left.
You knew the following spells:

 Your Spells              Type           Power      Damage    Failure   Level
a - Freeze                Ice            100%       1d10      1%          1
b - Frozen Ramparts       Ice            100%       1d16      1%          3
c - Ozocubu's Armour      Ice            58%        N/A       1%          3
d - Airstrike             Air            27%        2d(4-20)  1%          4

Your spell library contained the following spells:

 Spells                   Type           Power      Damage    Failure   Level
 Kiss of Death            Conj/Necr      100%       2d13      1%          1
 Magic Dart               Conj           64%        1d6       1%          1
 Shock                    Conj/Air       100%       1d9       1%          1
 Hailstorm                Conj/Ice       39%        3d9       1%          3
 Swiftness                Air            54%        N/A       1%          3
 Searing Ray              Conj           32%        2d5       2%          2
 Dispel Undead            Necr           49%        3d18      2%          4
 Ice Form                 Ice/Tmut       46%        N/A       2%          4
 Summon Ice Beast         Ice/Summ       39%        N/A       4%          4
 Confusing Touch          Hex            16%        N/A       5%          3
 Anguish                  Hex/Necr       16%        N/A       6%          4
 Cause Fear               Hex            8%         N/A       16%         4
 Fulminant Prism          Conj/Hex       8%         3d7       16%         4
 Simulacrum               Ice/Necr       27%        N/A       22%         6
 Dragon Form              Tmut           15%        N/A       99%         7
 Enfeeble                 Hex            8%         N/A       100%        7
 Dragon's Call            Summ           8%         N/A       100%        9


Dungeon Overview and Level Annotations

Branches:
Dungeon (9/15)             Temple (1/1) D:5            Lair (5/5) D:8
 Shoals (0/4) Lair:2       Spider (0/4) Lair:3        Slime (0/5) Lair:5
    Orc (0/2) D:9         Ossuary (visited)

Shops:
D:5 :

Annotations:
Lair:1 Urug


Innate Abilities, Weirdness & Mutations

You have an increased reservoir of magic. (+10% MP)
You shall have no god before yourself.
Your divine heritage dramatically boosts your attributes as you level up.


Message History

The four-headed hydra barely misses you.
You block the four-headed hydra's attack.
You slash the cane toad!
You kill the cane toad!
You feel sick.
Your Transmutations skill increases to level 2!
Unknown command.
Your icy armour and frozen ramparts will break if you move.
Continue?
The four-headed hydra attacks as you move away!
The four-headed hydra bites you but does no damage. x2
The four-headed hydra bites you. x2
Your icy armour cracks and falls away as you move.
The frozen ramparts melt away as you move.
You feel sick. The four-headed hydra bites you. x2
* * * LOW HITPOINT WARNING * * *
The four-headed hydra bites you!
* * * LOW HITPOINT WARNING * * *
The four-headed hydra completely misses you.
Casting: Ozocubu's Armour (safe; 1% risk of failure)
Confirm with . or Enter, or press ? or * to list all spells.
A film of ice covers your body!
You feel sick.
You block the four-headed hydra's attack. x2
The four-headed hydra misses you.
The four-headed hydra bites you but does no damage.
You feel sick.
You are no longer poisoned.
The four-headed hydra bites you!
* * * LOW HITPOINT WARNING * * *
The four-headed hydra bites you.
* * * LOW HITPOINT WARNING * * *
The four-headed hydra bites you but does no damage. x2
Casting: Ozocubu's Armour (safe; 1% risk of failure)
Confirm with . or Enter, or press ? or * to list all spells.
Casting: Frozen Ramparts (safe; 1% risk of failure)
Press: ? - help, Dir - look around, f - activate The walls around you are covered in ice.
The wall freezes the four-headed hydra.
The four-headed hydra barely misses you.
The four-headed hydra bites you!
You die...

.# ###............~~...
#### #.#........~.~≈~...
...#####..........~~~..#
......~###...###.~.~~.~##
~~~~~~.~....## ....~~~..#
~.~P~P~~....# ##~.~~~..#
~~~~~~~~~...###~.~.~~..##
~~P~~~~~~≈...# #..~~~...#
#~~~~~~≈~~.~.###@.~~~~~.#..
~~~~~~~≈~~~.###.D~.~~.....#
~~≈≈~~≈≈~~~........≈≈~.....
~~~~≈≈≈≈~~~P......~≈≈..$...
.~~≈~≈≈~~~~~......#≈≈#.....
~~~≈~~~~......###≈≈#.....
~≈~~~~~......# ≈≈## ....
≈~~~~~~.~....# ### ...
~≈≈~~~.#....# ...


You could see a four-headed hydra.

Vanquished Creatures
  A hydra (Lair:3)
  A two-headed ogre (D:9)
  5 skysharks
  A goliath frog (Lair:5)
  Pikel (D:7)
  3 merfolk sirens (Lair:2)
  5 black mambas
  4 elephants (Lair:4)
  Maggie (D:7)
  11 komodo dragons
  22 cane toads
  A merfolk (Lair:2)
  A polar bear (Lair:5)
  A tyrant leech (Lair:4)
  A hornet (D:9)
  Grinder (D:3)
  24 blink frogs
  6 culicivoras (Lair:3)
  2 jumping spiders (Lair:3)
  3 slime creatures (Lair:5)
  40 yaks
  Grum (Lair:1)
  6 wyverns
  A steam dragon (Lair:3)
  2 redbacks (Lair:3)
  5 vampire mosquitoes
  4 basilisks
  A warg (D:9)
  9 water moccasins
  Duvessa (D:6)
  3 orc warriors (D:9)
  2 black bears
  A hornet zombie (Ossuary)
  A sky beast (D:8)
  2 centaurs (D:8)
  2 wolves (Lair:1)
  4 ogres
  A lemure (D:7)
  A phantom (D:5)
  2 kobold brigands
  A gnoll sergeant (D:9)
  20 bullfrogs
  2 wyvern zombies (Ossuary)
  Dowan (D:6)
  3 killer bees (D:9)
  5 howler monkeys
  3 electric eels (Lair:1)
  4 bullfrog zombies (Ossuary)
  4 centaur zombies (Ossuary)
  7 orc priests
  4 hounds
  3 gnoll boudas
  10 iguanas
  2 hell rats (Lair:5)
  10 orc wizards
  A killer bee zombie (Ossuary)
  14 mummies (Ossuary)
  A howler monkey zombie (Ossuary)
  32 gnolls
  10 adders
  8 river rats (Lair:5)
  A shadow imp (D:6)
  3 white imps
  2 ufetubi
  2 worms (D:3)
  4 dart slugs
  35 orcs
  11 endoplasms
  6 giant cockroaches
  7 goblins
  7 hobgoblins
  A jackal (D:3)
  9 quokkas
  7 ball pythons
  6 bats
  4 frilled lizards
  A hobgoblin zombie (D:4)
  22 kobolds
  10 rats
  A rat zombie (D:4)
  2 butterflies (Lair:3)
470 creatures vanquished.

Notes
Turn   | Place    | Note
-------+----------+-------------------------------------------
     0 | D:1      | Arzdou the Demigod Ice Elementalist began the quest for the
                  | Orb.
     0 | D:1      | Reached XP level 1. HP: 14/14 MP: 5/5
   287 | D:1      | Reached XP level 2. HP: 20/20 MP: 4/7
  1010 | D:2      | Reached XP level 3. HP: 7/26 MP: 5/9
  1120 | D:2      | Learned a level 3 spell: Frozen Ramparts
  1124 | D:2      | Learned a level 3 spell: Ozocubu's Armour
  2010 | D:3      | Reached XP level 4. HP: 29/33 MP: 11/11
  2678 | D:3      | Noticed an ogre
  2711 | D:3      | Killed an ogre
  2712 | D:3      | Reached skill level 5 in Ice Magic
  2712 | D:3      | Reached XP level 5. HP: 5/38 MP: 5/13
  2843 | D:3      | Noticed Grinder
  2860 | D:3      | HP: 1/38 [Grinder (4)]
  2868 | D:3      | Killed Grinder
  2869 | D:3      | Reached XP level 6. HP: 5/45 MP: 4/15
  2875 | D:3      | HP: 1/67 [worm (7)]
  3915 | D:4      | Reached XP level 7. HP: 20/50 MP: 17/17
  3932 | D:4      | Found a sand-covered staircase.
  3987 | Ossuary  | Entered an ossuary
  4036 | Ossuary  | Reached skill level 5 in Spellcasting
  4079 | Ossuary  | Reached skill level 1 in Long Blades
  4542 | Ossuary  | Reached XP level 8. HP: 21/57 MP: 19/19
  4732 | Ossuary  | Reached skill level 5 in Long Blades
  5009 | D:4      | Reached skill level 1 in Fighting
  5389 | D:5      | Entered Level 5 of the Dungeon
  5930 | D:5      | Found a staircase to the Ecumenical Temple.
  6017 | D:5      | Identified the +2 broad axe of Grandeur {protect, Str+3
                  | Int-3 Dex+3 Stlth+}
  6629 | D:5      | Found Qefoby's Book Shop.
  6792 | Temple   | Entered the Ecumenical Temple
  6942 | D:6      | Reached XP level 9. HP: 70/71 MP: 20/20
  6981 | D:6      | Noticed Dowan
  6993 | D:6      | Killed Dowan
  7048 | D:6      | Reached skill level 5 in Dodging
  7096 | D:6      | Noticed Duvessa
  7110 | D:6      | HP: 1/72 [Duvessa/+3 short sword of speed (13)]
  7115 | D:6      | Killed Duvessa
  7890 | D:7      | Noticed Pikel
  7901 | D:7      | Killed Pikel
  7902 | D:7      | Reached skill level 5 in Fighting
  8030 | D:7      | Noticed Maggie
  8049 | D:7      | Killed Maggie
  9184 | D:8      | Found a staircase to the Lair.
  9356 | D:8      | Learned a level 4 spell: Airstrike
  9496 | D:9      | Reached skill level 1 in Air Magic
  9503 | D:9      | Reached XP level 10. HP: 70/86 MP: 21/21
 10010 | D:9      | Found a staircase to the Orcish Mines.
 11020 | D:9      | Noticed a two-headed ogre
 11040 | D:9      | Killed a two-headed ogre
 11518 | D:9      | Noticed a blizzard demon
 11521 | D:9      | Noticed a smoke demon
 11688 | Lair:1   | Entered Level 1 of the Lair of Beasts
 11919 | Lair:1   | Reached skill level 1 in Necromancy
 12140 | Lair:1   | Noticed Grum
 12166 | Lair:1   | Reached skill level 5 in Air Magic
 12173 | Lair:1   | Killed Grum
 12244 | Lair:1   | Reached XP level 11. HP: 64/92 MP: 10/22
 12595 | Lair:1   | Reached skill level 5 in Necromancy
 12595 | Lair:1   | Reached skill level 1 in Shields
 12689 | Lair:1   | Noticed Urug
 13244 | Lair:2   | Found a staircase to the Shoals.
 13254 | Lair:2   | Reached skill level 5 in Shields
 13913 | Lair:3   | Noticed a five-headed hydra
 13925 | Lair:3   | Killed a five-headed hydra
 14361 | Lair:3   | Reached XP level 12. HP: 34/101 MP: 25/25
 15427 | Lair:3   | Found a hole to the Spider Nest.
 17718 | Lair:5   | Entered Level 5 of the Lair of Beasts
 18570 | Lair:5   | Noticed a four-headed hydra
 19012 | Lair:5   | Reached XP level 13. HP: 108/113 MP: 29/29
 19051 | Lair:5   | Reached skill level 10 in Fighting
 19353 | Lair:4   | HP: 3/113 [skyshark (22)]
 19766 | Lair:5   | Reached skill level 10 in Dodging
 20701 | Lair:5   | Found a staircase to the Slime Pits.
 20801 | Lair:5   | Reached skill level 1 in Transmutations
 20987 | Lair:5   | Reached skill level 1 in Earth Magic
 21252 | Lair:5   | Slain by a four-headed hydra

Illustrated notes

Levels and vault maps discovered:
D:1:      dpeg_arrival_court, layout_loops_ring, minmay_pentomino_w2
D:2:      layout_basic, hellmonk_ecumenical_altar_slurped_away,
          kennysheep_generic_room_14
D:3:      kennysheep_six_static_rooms, layout_basic,
          nemelex_xobeh_ov_fountains_minmay, lemuel_doored_altar,
          nicolae_vehumet_altar_sigil, uniq_grinder
D:4:      layout_rooms, mainiacjoe_overflow_brackets, enter_ossuary_3,
          grunt_ministairs_10, nrook_mini_vaults
D:5:      minmay_chambers_of_threes, layout_basic, nzn_wu_jian_contemplation,
          temple_fountains, grunt_decor_junction, nicolae_stop_n_shop_2,
          serial_bayou_crossing
D:6:      layout_basic, pdpol_temple_overflow_zin_treasury_gozag_greed,
          lexackson_kobold_supper, uniq_duvessa
D:7:      layout_loops_ring, overflow_temple_1_default, kennysheep_mini,
          nicolae_elevator_lobby_plus, uniq_pikel, uniq_maggie
D:8:      layout_gridville, dpeg_oklobed_lair, grunt_decor_resistance
D:9:      layout_loops_ring, makhleb_altar_promises_db,
          mainiacjoe_overflow_large_starburst, erik_orc_3
Temple:   jpeg_temple_island
Lair:1:   beast_lair_carwin_large_1, layout_misc_corridors, disabler_island,
          infiniplex_staircase_pool, uniq_grum, uniq_urug
Lair:2:   layout_regular_city, elwin_shoals_entry_stream
Lair:3:   layout_regular_city, nicolae_spider_entry_tight_spaces,
          grunt_megastairs_4, lemuel_fruit_fields
Lair:4:   layout_cave_pods, portal_ice_cave_entry_pillars_2,
          serial_bayou_shore_b, lemuel_fruit_tree, serial_bayou_shore_b
Lair:5:   minmay_lair_end_frog_pond, layout_cellular_growth,
          minmay_slime_entry_pillars, chequers_serial_rivers_small_3,
          kennysheep_rathole, infiniplex_staircase_pool_2

Skill      XL: |  1  2  3  4  5  6  7  8  9 10 11 12 13 |
---------------+----------------------------------------+-----
Spellcasting   | 2 3 4 5 6 8 9 |  9.8
Ice Magic      | 4 5 6 7 |  7.0
Long Blades    | 4 5 8 |  8.0
Dodging        | 4 7 9 10 | 10.0
Fighting       | 4 7 8 9 10 | 10.0
Air Magic      | 2 5 6 |  6.0
Necromancy     | 3 5 |  5.0
Shields        | 5 |  5.0
Transmutations | 2 |  2.1
Earth Magic    | 1 |  1.3
Stealth        | |  1.7

Action                     |  1- 3 |  4- 6 |  7- 9 | 10-12 | 13-15 || total
---------------------------+-------+-------+-------+-------+-------++-------
  Melee: Unarmed           |     9 |       |       |       |       ||     9
         Short sword       |    28 |    29 |       |       |       ||    57
         Falchion          |       |    46 |   362 |    12 |       ||   420
         Punch             |       |     1 |     7 |     3 |       ||    11
         Demon blade       |       |       |       |   284 |   114 ||   398
   Cast: Freeze            |    56 |    28 |    12 |     1 |       ||    97
         Frozen Ramparts   |     4 |    15 |    59 |    68 |    24 ||   170
         Ozocubu's Armour  |     1 |    10 |    38 |    40 |    20 ||   109
         Airstrike         |       |       |       |   104 |     5 ||   109
  Evoke: Wand              |       |       |     3 |     3 |       ||     6
    Use: Potion            |     1 |     1 |     5 |     1 |       ||     8
         Scroll            |       |     2 |     5 |    22 |     2 ||    31
   Stab: Sleeping          |     1 |     1 |     2 |       |       ||     4
 Armour: Robe              |    13 |    17 |   117 |    86 |    40 ||   273
         Skin              |       |     6 |       |       |       ||     6
  Dodge: Dodged            |    38 |    57 |   275 |   213 |    97 ||   680
  Block: Other             |     1 |    25 |    89 |    23 |       ||   138
         Reflection        |       |       |     2 |       |       ||     2
         Buckler           |       |       |       |   139 |    84 ||   223

Table legend: (Time is in decaauts)
 A = Elapsed time spent in this place.
 B = Non-inter-level travel time spent in this place.
 C = Inter-level travel time spent in this place.
 D = Time resting spent in this place.
 E = Time spent auto-exploring this place.
 F = Levels seen in this place.
 G = Mean time per level.
                   A        B        C        D        E       F      G
               +--------+--------+--------+--------+--------+-----+--------+
         Total |  21344 |  20444 |    900 |   4183 |  12698 |  16 | 1334.0 |
       Dungeon |  10966 |  10353 |    613 |   1299 |   7281 |   9 | 1218.4 |
        Temple |      1 |      1 |      0 |      0 |      0 |   1 |    1.0 |
          Lair |   9407 |   9120 |    287 |   2527 |   5179 |   5 | 1881.4 |
       Ossuary |    970 |    970 |      0 |    357 |    238 |   1 |  970.0 |
               +--------+--------+--------+--------+--------+-----+--------+

Top non-repeatable levels by time:
  Lair:4: 4133 daAuts
     D:9: 2295 daAuts
  Lair:3: 2101 daAuts
     D:3: 1554 daAuts
     D:5: 1465 daAuts
  Lair:2: 1177 daAuts
     D:1: 1101 daAuts
  Lair:5: 1091 daAuts
     D:6: 1064 daAuts
     D:4: 1028 daAuts
 Ossuary: 970 daAuts
     D:7: 903 daAuts
  Lair:1: 903 daAuts
     D:2: 825 daAuts
     D:8: 726 daAuts
